 Dungeon Crawl Stone Soup version 0.29.1-2-gbd0b4ee654 (webtiles) character file.

Game seed: 13577548842270767317

2282 raph the Arsonist (level 9, -7/45 HPs)
             Began as a Deep Elf Fire Elementalist on Nov 23, 2022.
             Was a Follower of Kikubaaqudgha.
             Killed from afar by Maggie (31 damage)
             ... with a bolt of fire
             ... on level 7 of the Dungeon.
             The game lasted 00:11:22 (7836 turns).

raph the Arsonist (Deep Elf Fire Elementalist)      Turns: 7836, Time: 00:11:23

Health: -7/45      AC: 12    Str:  7    XL:     9   Next: 16%
Magic:  5/30       EV: 12    Int: 28    God:    Kikubaaqudgha [*.....]
Gold:   18         SH:  0    Dex: 15    Spells: 8/22 levels left

rFire   . . .      SeeInvis .   a - +4 dagger "Morg" {pain, Will+ Int+5}
rCold   . . .      Faith    .   (no shield)
rNeg    . . .      Spirit   .   y - +2 leather armour {rPois}
rPois   +          Reflect  .   l - +2 hat
rElec   .          Harm     .   (no cloak)
rCorr   .          Rampage  .   (no gloves)
Will    +....                   u - +0 pair of boots
Stlth   ++........              (no amulet)
HPRegen 0.15/turn               i - ring of magical power
MPRegen 0.22/turn               o - +4 ring of protection

@: no status effects
A: no striking features
a: Renounce Religion, Unearth Wretches


You were on level 7 of the Dungeon.
You worshipped Kikubaaqudgha.
Kikubaaqudgha was aware of your devotion.
You visited 2 branches of the dungeon, and saw 8 of its levels.

You collected 376 gold pieces.
You spent 280 gold pieces at shops.
You paid 78 gold pieces to Gozag.

Inventory:

Hand Weapons
 a - the +4 dagger "Morg" (weapon) {pain, Will+ Int+5}
   (You found it on level 2 of the Dungeon)

   In the hands of one skilled in necromantic magic, it inflicts extra damage on
   living creatures.
   Int:       It affects your intelligence (+5).
   Will:      It increases your willpower.
 b - a +1 dagger of speed
 k - a +0 rapier
Armour
 l - a +2 hat (worn)
 m - a +0 robe
 u - a +0 pair of boots (worn)
 y - a +2 leather armour of poison resistance (worn)
Jewellery
 i - a ring of magical power (left hand)
 o - a +4 ring of protection (right hand)
 p - a ring of willpower
 r - a ring of ice
 s - a +4 ring of evasion
 t - a ring of flight
Wands
 v - a wand of polymorph (7)
Scrolls
 g - a scroll of enchant weapon {unknown}
 h - 2 scrolls of teleportation
 n - a scroll of fear
Potions
 c - 3 potions of brilliance
 d - 2 potions of flight
 e - a potion of ambrosia
 f - a potion of magic
 j - a potion of haste
 q - 4 potions of curing
 w - 2 potions of heal wounds
 x - a potion of cancellation
 z - a potion of berserk rage


   Skills:
 - Level 2.4 Dodging
 - Level 2.4 Stealth
 + Level 7.1 Spellcasting
 + Level 5.5 Conjurations
 + Level 5.8 Necromancy
 * Level 10.0 Fire Magic


You had 8 spell levels left.
You knew the following spells:

 Your Spells              Type           Power      Damage    Failure   Level
a - Foxfire               Conj/Fire      100%       2x1d9     1%          1
b - Scorch                Fire           100%       2d10      1%          2
c - Conjure Flame         Conj/Fire      52%        6-21      1%          3
d - Inner Flame           Hex/Fire       38%        N/A       3%          3
e - Flame Wave            Conj/Fire      52%        2d13      3%          4
f - Magic Dart            Conj           100%       1d8       1%          1

Your spell library contained the following spells:

 Spells                   Type           Power      Damage    Failure   Level
 Necrotise                Necr           100%       1d9       1%          1
 Searing Ray              Conj           80%        2d7       1%          2
 Sublimation of Blood     Necr           42%        N/A       1%          2
 Vampiric Draining        Necr           42%        2d9       2%          3
 Animate Dead             Necr           42%        N/A       8%          4
 Dispel Undead            Necr           42%        3d17      8%          4
 Fulminant Prism          Conj/Hex       12%        3d9       26%         4
 Corpse Rot               Necr/Pois/Air  20%        N/A       36%         4
 Death Channel            Necr           21%        N/A       75%         6


Dungeon Overview and Level Annotations

Branches:
Dungeon (7/15)             Temple (1/1) D:4

Altars:
Ashenzari
Cheibriados
Elyvilon
Fedhas
Gozag
Hepliaklqana
Kikubaaqudgha
Makhleb
Okawaru
Qazlal
Sif Muna
Trog
Uskayaw
Vehumet
Xom
Yredelemnul
Zin
The Shining One
Lugonu

Shops:
D:3 !   D:4 **((

Annotations:
D:7 Maggie


Message History

The bolt of fire hits you.
You hear a shout!
Your Fire Magic skill increases to level 10!
Casting: Flame Wave (dangerous; 3% risk of failure)
Confirm with . or Enter, or press ? or * to list all spells.
Casting: Flame Wave (dangerous; 3% risk of failure)
Press: ? - help, Dir - look around, f - activate A wave of flame ripples out! (Press . to intensify the flame waves.)
Something shouts, "Slither home, thou churlish unchin-snouted bladder!"
An iguana comes into view.
Gozag incites the iguana against you.
The iguana goes berserk!
A wave of flame ripples out!
The iguana rages.
Maggie zaps a wand.
You resist with almost no effort.
The iguana rages.
A wave of flame ripples out!
The flame wave engulfs Maggie!
Maggie is moderately wounded.
You finish channelling waves of flame.
Maggie gestures wildly while chanting.
Maggie attempts to bespell you! You resist with almost no effort.
Casting: Flame Wave (dangerous; 3% risk of failure)
Confirm with . or Enter, or press ? or * to list all spells.
Flames lash Maggie.
Maggie is moderately wounded.
Maggie's fire resistance burns away.
Hit: a) +4 dagger "Morg" {pain, Will+ Int+5}
Press: ? - help, Dir - move target, f - you
Okay, then.
Casting: Scorch (safe; 1% risk of failure)
Confirm with . or Enter, or press ? or * to list all spells.
Flames lash Maggie.
Maggie is burned terribly!
Maggie is severely wounded.
A gnoll sergeant comes into view. It is wielding a +0 spear.
Maggie gestures at you while chanting. The bolt of fire hits you!!
Ouch! That really hurt!
You die...
Kikubaaqudgha rasps: "You have failed me!
Welcome... death!"

#.##.##.###...# ..#
#.##.##.####..) ..#
#.##......##..# #.#
#..#.#.##..# . #.###
#######....#... .. #.#.#
#≈≈≈≈≈###..##.#
###.###.#.###§...≈#...)...#
......))#.#.'.._..'.#.)####
......)l@)@$#≈...≈#..#)##
#......g#.###≈≈≈≈≈#.#...#
####....#.# #######.#...#
####g#.# #.#...# @.###
#.#.### ..# #.#.# ...#
#.#.# ##.# #.#.# #.#.# .


You could see Maggie (combustible), a gnoll sergeant and an iguana (berserk,
incited).

Vanquished Creatures
  2 water moccasins
  2 ice beasts
  3 ogres (D:5)
  A centaur (D:4)
  A phantom (D:5)
  2 kobold brigands
  2 scorpions
  10 wights (D:7)
  A howler monkey (D:6)
  A jelly (D:7)
  5 hounds
  2 iguanas
  Natasha (D:2)
  4 orc wizards
  6 gnolls
  11 adders
  2 shadow imps
  2 white imps (D:6)
  2 ufetubi (D:4)
  An adder zombie (D:2)
  An adder skeleton (D:2)
  3 worms (D:2)
  2 dart slugs
  15 orcs
  6 ball pythons
  5 bats
  A bat zombie (D:2)
  12 endoplasms
  3 giant cockroaches
  6 goblins
  10 hobgoblins
  2 jackals (D:5)
  4 quokkas
  A bat simulacrum (D:2)
  A frilled lizard (D:1)
  14 kobolds
  A quokka simulacrum (D:2)
  A quokka zombie (D:2)
  6 rats
155 creatures vanquished.

Vanquished Creatures (collateral kills)
  10 foxfires (D:3)
10 creatures vanquished.

Vanquished Creatures (others)
  A gnoll (D:7)
  331 foxfires
  34 plants (D:3)
  23 withered plants (D:2)
389 creatures vanquished.

Grand Total: 554 creatures vanquished

Notes
Turn   | Place    | Note
-------+----------+-------------------------------------------
     0 | D:1      | raph the Deep Elf Fire Elementalist began the quest for the
                  | Orb.
     0 | D:1      | Reached XP level 1. HP: 10/10 MP: 6/6
   219 | D:1      | Reached skill level 4 in Fire Magic
   219 | D:1      | Reached XP level 2. HP: 15/15 MP: 4/8
   264 | D:1      | Learned a level 2 spell: Scorch
   872 | D:1      | Reached XP level 3. HP: 19/19 MP: 3/9
   876 | D:1      | Learned a level 3 spell: Conjure Flame
  1203 | D:2      | Found a faded altar of an unknown god.
  1236 | D:2      | Found a basalt altar of Yredelemnul.
  1453 | D:2      | Noticed Natasha
  1454 | D:2      | Found the +4 dagger "Morg" {pain, Will+ Int+5}
  1469 | D:2      | Reached skill level 5 in Fire Magic
  1688 | D:2      | Killed Natasha
  1689 | D:2      | Reached XP level 4. HP: 24/24 MP: 5/10
  2198 | D:2      | Reached skill level 6 in Fire Magic
  2862 | D:3      | Reached XP level 5. HP: 28/28 MP: 0/11
  2866 | D:3      | Learned a level 3 spell: Inner Flame
  3089 | D:3      | Found Leaweadu's Distillery.
  3317 | D:3      | Reached skill level 1 in Necromancy
  4001 | D:3      | Bought a potion of haste for 140 gold pieces
  4076 | D:4      | Found Hineaf's Assorted Antiques.
  4234 | D:4      | Found a staircase to the Ecumenical Temple.
  4241 | Temple   | Entered the Ecumenical Temple
  4367 | D:4      | Noticed a centaur
  4371 | D:4      | Noticed an ice beast
  4374 | D:4      | Killed a centaur
  4375 | D:4      | Reached XP level 6. HP: 26/32 MP: 13/13
  4377 | D:4      | Killed an ice beast
  4378 | D:4      | Reached skill level 7 in Fire Magic
  4459 | D:4      | Learned a level 4 spell: Flame Wave
  4513 | D:4      | Found Neosudd's Antique Weapon Shoppe.
  4712 | D:4      | Found Muado's Weapon Shop.
  4815 | D:4      | Found Xicinna's Assorted Antiques.
  4868 | D:4      | Reached XP level 7. HP: 18/36 MP: 15/15
  5181 | D:5      | Entered Level 5 of the Dungeon
  5324 | D:5      | Reached skill level 5 in Spellcasting
  5324 | D:5      | Reached skill level 8 in Fire Magic
  5737 | D:5      | Reached XP level 8. HP: 41/41 MP: 18/18
  6316 | Temple   | Became a worshipper of Gozag Ym Sagoz the Greedy
  6568 | D:6      | Found an iron altar of Okawaru.
  6568 | D:6      | Found a broken altar of Ashenzari.
  6569 | D:6      | Found a glowing golden altar of the Shining One.
  6570 | D:6      | Found a glowing silver altar of Zin.
  6571 | D:6      | Found an ancient bone altar of Kikubaaqudgha.
  6571 | D:6      | Found a bloodstained altar of Trog.
  6571 | D:6      | Found a burning altar of Makhleb.
  6572 | D:6      | Found a stormy altar of Qazlal.
  6572 | D:6      | Found a radiant altar of Vehumet.
  6573 | D:6      | Found a hazy altar of Hepliaklqana.
  6578 | D:6      | Fell from the grace of Gozag
  6578 | D:6      | Became a worshipper of Kikubaaqudgha
  6591 | D:6      | Reached skill level 9 in Fire Magic
  7063 | D:6      | Found a white marble altar of Elyvilon.
  7141 | D:4      | Bought a runed silver amulet for 140 gold pieces
  7336 | D:7      | Reached skill level 5 in Necromancy
  7614 | D:7      | Reached skill level 5 in Conjurations
  7803 | D:7      | Found a shimmering blue altar of Sif Muna.
  7809 | D:7      | Learned a level 1 spell: Magic Dart
  7821 | D:7      | Reached XP level 9. HP: 38/43 MP: 21/21
  7821 | D:7      | Noticed Maggie
  7824 | D:7      | Reached * piety under Kikubaaqudgha
  7824 | D:7      | Received a gift from Kikubaaqudgha
  7832 | D:7      | Reached skill level 10 in Fire Magic
  7836 | D:7      | Killed from afar by Maggie

Illustrated notes

Levels and vault maps discovered:
D:1:      elethiomel_arrival_maze, layout_basic
D:2:      layout_loops_ring, ebering_ecumenical_altar_box, basic_altar,
          minivault_24, dilly_guarded_unrand_morg
D:3:      layout_rooms, serial_shops, nicolae_shop_behind_doors, serial_bayou,
          serial_bayou_pond_b, serial_bayou_shore_a, serial_bayou_shore_b,
          serial_bayou_lagoon_a
D:4:      layout_loops_cross, minmay_temple_entry_statues_pillars, serial_shops,
          shop, shop, nicolae_diamond_shop, nicolae_shop_hallway_plus,
          minmay_fractal_squares_gapless_5
D:5:      nicolae_BIG_FREAKIN_CUBE, layout_basic
D:6:      layout_rooms, nicolae_overflow_hidden_temple,
          nicolae_overflows_in_rows, grunt_ministairs_6,
          kennysheep_generic_room_12
D:7:      minmay_recursive_quarters, layout_loops_ring, kennysheep_little_box,
          grunt_temple_overflow_diamond, uniq_maggie
Temple:   corrupted_temple

Skill      XL: |  1  2  3  4  5  6  7  8  9 |
---------------+----------------------------+-----
Fire Magic     | 4 5 6 7 8 9 10 | 10.0
Necromancy     | 1 2 3 5 |  5.8
Conjurations   | 2 3 5 |  5.5
Spellcasting   | 4 5 6 7 |  7.1
Dodging        | |  2.4
Stealth        | |  2.4

Action                   |  1- 3 |  4- 6 |  7- 9 || total
-------------------------+-------+-------+-------++-------
Melee: Unarmed           |     1 |       |       ||     1
       Dagger            |     2 |    10 |    11 ||    23
 Cast: Foxfire           |    81 |    89 |    26 ||   196
       Scorch            |     3 |    25 |    52 ||    80
       Flame Wave        |       |       |    12 ||    12
       Conjure Flame     |       |       |     1 ||     1
  Use: Scroll            |       |     9 |     4 ||    13
Armor: Robe              |     3 |     6 |    10 ||    19
       Leather armour    |       |       |     3 ||     3
Dodge: Dodged            |     5 |    28 |    17 ||    50
